 Dungeon Crawl Stone Soup version 0.30.1-9-gdf580d7c3d (webtiles) character file.

Game seed: 1870885585155788247

38 leafyfresh the Covert (level 3, -4/35 HPs)
             Began as a Gnoll Delver on Oct 21, 2023.
             Slain by an iguana (12 damage)
             ... on level 4 of the Dungeon.
             The game lasted 00:00:27 (165 turns).

leafyfresh the Covert (Gnoll Delver)                 Turns: 165, Time: 00:00:28

Health: -4/35      AC:  3    Str: 11    XL:     3   Next: 43%
Magic:  3/4        EV: 13    Int: 11    God:
Gold:   20         SH:  0    Dex: 13    Spells: 3/3 levels left

rFire   . . .        a - +0 short sword
rCold   . . .        (no shield)
rNeg    . . .        b - +0 leather armour
rPois   .            (no helmet)
rElec   .            (no cloak)
rCorr   .            (no gloves)
SInv    .            (no boots)
Will    .....        (no amulet)
Stlth   ++++         (no ring)
HPRegen 0.25/turn    (no ring)
MPRegen 0.09/turn

%: no passive effects
@: no status effects
A: fangs 1, strong nose, distributed training
a: no special abilities


You were on level 4 of the Dungeon.
You visited 1 branch of the dungeon, and saw 2 of its levels.

You collected 20 gold pieces.

Inventory:

Hand Weapons
 a - a +0 short sword (weapon)
Armour
 b - a +0 leather armour (worn)
Wands
 g - a wand of digging (3)
Scrolls
 c - a scroll of fog
 d - a scroll of magic mapping
 e - a scroll of fear
 i - a scroll of identify {unknown}
Potions
 f - a potion of haste
 h - a potion of mutation {unknown}
 j - 2 potions of attraction {unknown}


   Skills:
 + Level 6.5 Fighting
 + Level 4.5 Short Blades
 + Level 0.8 Long Blades
 + Level 0.8 Axes
 + Level 0.8 Maces & Flails
 + Level 0.8 Polearms
 + Level 0.8 Staves
 + Level 0.8 Ranged Weapons
 + Level 0.8 Throwing
 + Level 0.8 Armour
 + Level 4.5 Dodging
 + Level 9.6 Stealth
 + Level 0.8 Shields
 + Level 0.8 Unarmed Combat
 + Level 0.8 Spellcasting
 + Level 0.5 Conjurations
 + Level 0.5 Hexes
 + Level 0.5 Summonings
 + Level 0.5 Necromancy
 + Level 0.5 Translocations
 + Level 0.5 Transmutations
 + Level 0.5 Fire Magic
 + Level 0.5 Ice Magic
 + Level 0.5 Air Magic
 + Level 0.5 Earth Magic
 + Level 0.5 Poison Magic
 + Level 1.0 Invocations
 + Level 0.8 Evocations


You had 3 spell levels left.
You didn't know any spells.
Your spell library was empty.

Dungeon Overview and Level Annotations

Branches:
Dungeon (5/15)
 Temple: D:4-7

Altars:
Fedhas


Innate Abilities, Weirdness & Mutations

You have very sharp teeth.
Your uncanny sense of smell can sniff out nearby items.
Your experience applies equally to all skills.


Message History

Your experience leads to an increase in your attributes!
Increase (S)trength, (I)ntelligence, or (D)exterity?
You feel clever. x2
An iguana is nearby!
An iguana is nearby!
An iguana is nearby!
The iguana hisses angrily.
The iguana bites you.
You hit the iguana.
The iguana is lightly wounded.
An iguana is nearby!
You hit the iguana but do no damage.
The iguana is lightly wounded.
The iguana completely misses you.
An iguana is nearby!
You hit the iguana but do no damage. Your bite misses the iguana.
The iguana is lightly wounded.
The iguana closely misses you.
An iguana is nearby!
You hit the iguana but do no damage.
The iguana is lightly wounded.
You closely miss the iguana.
The iguana is lightly wounded.
The iguana bites you!
You closely miss the iguana.
The iguana is lightly wounded.
The iguana barely misses you.
You completely miss the iguana.
The iguana is lightly wounded.
The iguana bites you!
* * * LOW HITPOINT WARNING * * *
You closely miss the iguana. Your bite misses the iguana.
The iguana is lightly wounded.
The iguana closely misses you.
You hit the iguana but do no damage.
The iguana is lightly wounded.
You hit the iguana but do no damage. You bite the iguana, but do no damage.
The iguana is lightly wounded.
The iguana bites you!
You die...

.. ##### .#
.....### # .#
.....##.# #.#
# ..... ##..#
#.###.####...#
#.l@.........#
#####.####.#.#
#......#.#
#######'.#.#
#.......^#.#
#..........#
#..........#
##........#.#
........#.#.#


You could see an iguana.

Vanquished Creatures
  A jelly (D:4)
  An adder (D:4)
  A kobold (D:4)
3 creatures vanquished.

Notes
Turn   | Place    | Note
-------+----------+-------------------------------------------
     0 | D:5      | Reached skill level 9 in Stealth
     0 | D:5      | leafyfresh the Gnoll Delver began the quest for the Orb.
     0 | D:5      | Reached XP level 1. HP: 23/23 MP: 1/1
    28 | D:5      | Noticed a black bear
    30 | D:5      | Noticed a hound
    62 | D:4      | Reached XP level 2. HP: 24/29 MP: 2/2
   127 | D:4      | Found a blossoming altar of Fedhas.
   151 | D:4      | Reached skill level 1 in Invocations
   151 | D:4      | Reached XP level 3. HP: 35/35 MP: 2/4
   165 | D:4      | Slain by an iguana

Illustrated notes

Levels and vault maps discovered:
D:4:      layout_basic, mainiacjoe_overflow_boulevard,
          nicolae_dithmenos_through_a_glass_darkly
D:5:      layout_loops_ring, mainiacjoe_overflow_concentric_impassable,
          wad_floor_pattern_1, grunt_ministairs_10, uniq_menkaure, uniq_sigmund

Skill      XL: |  1  2 |
---------------+-------+-----
Stealth        | |  9.6
Invocations    | 1 |  1.0
Fighting       | |  6.5
Short Blades   | |  4.5
Long Blades    | |  0.8
Axes           | |  0.8
Maces & Flails | |  0.8
Polearms       | |  0.8
Staves         | |  0.8
Ranged Weapons | |  0.8
Throwing       | |  0.8
Armour         | |  0.8
Dodging        | |  4.5
Shields        | |  0.8
Unarmed Combat | |  0.8
Spellcasting   | |  0.8
Conjurations   | |  0.5
Hexes          | |  0.5
Summonings     | |  0.5
Necromancy     | |  0.5
Translocations | |  0.5
Transmutations | |  0.5
Fire Magic     | |  0.5
Ice Magic      | |  0.5
Air Magic      | |  0.5
Earth Magic    | |  0.5
Poison Magic   | |  0.5
Evocations     | |  0.8

Action                     || total
---------------------------++-------
  Melee: Short sword       ||    24
         Bite              ||     1
   Stab: Sleeping          ||     1
 Armour: Leather armour    ||     1
  Dodge: Dodged            ||    10
